 Dungeon Crawl Stone Soup version 0.24-a0-613-g1ff6aac338 (webtiles) character file.

Game seed: 7559745606460268980, levelgen mode: deterministic

261 Gynju the Cudgeler (level 6, 0/51 HPs)
             Began as a Hill Orc Monk on Sept 12, 2019.
             Slain by an ogre
             ... wielding a +0 giant club
              (22 damage)
             ... on level 4 of the Dungeon.
             The game lasted 00:05:37 (4706 turns).

Gynju the Cudgeler (Hill Orc Monk)                  Turns: 4706, Time: 00:05:38

Health: 0/51       AC:  5    Str: 16    XL:     6   Next: 18%
Magic:  6/6        EV: 12    Int: 14    God:
Gold:   142        SH:  0    Dex: 13    Spells: 5/5 levels left

rFire    . . .     SeeInvis .   s - +0 flail
rCold    . . .     Gourm    .   (no shield)
rNeg     . . .     Faith    .   b - +2 leather armour {MR+}
rPois    .         Spirit   .   (no helmet)
rElec    .         Reflect  .   (no cloak)
rCorr    .         Harm     .   (no gloves)
MR       +....                  (no boots)
Stlth    ++........             (no amulet)
HPRegen  0.17/turn              t - +4 ring of intelligence
MPRegen  0.10/turn              q - +4 ring of slaying

@: no status effects
A: no striking features
a: no special abilities


You were on level 4 of the Dungeon.
You were not hungry.

You visited 1 branch of the dungeon, and saw 4 of its levels.

You collected 142 gold pieces.

Inventory:

Hand Weapons
 s - a +0 flail (weapon)
Armour
 b - a +2 leather armour of magic resistance (worn)
Jewellery
 d - an uncursed ring of fire
 q - a +4 ring of slaying (right hand)
 t - a +4 ring of intelligence (left hand)
Scrolls
 g - a scroll of immolation {unknown}
 h - a scroll of blinking {unknown}
 j - 7 scrolls of identify {unknown}
 o - 2 scrolls of teleportation {unknown}
 p - a scroll of amnesia {unknown}
 r - a scroll of enchant weapon {unknown}
 u - a scroll of remove curse {unknown}
 w - a scroll of fear {unknown}
Potions
 e - a potion of experience {unknown}
 f - 4 potions of brilliance {unknown}
 i - a potion of berserk rage {unknown}
 k - a potion of heal wounds {unknown}
 l - 3 potions of might {unknown}
 m - a potion of cancellation {unknown}
 n - a potion of flight {unknown}
 v - a potion of curing {unknown}
Comestibles
 a - 6 chunks of flesh
 c - 5 rations


   Skills:
 - Level 3.6 Fighting
 + Level 7.4 Maces & Flails
 - Level 2.4 Dodging
 - Level 1.5 Stealth


You had 5 spell levels left.
You didn't know any spells.
Your spell library was empty.

Dungeon Overview and Level Annotations

Branches:
Dungeon (4/15)
 Temple: D:4-7

Altars:
Fedhas
Nemelex Xobeh

Annotations:
D:3 1 runed translucent door, PeterQ's ghost, amateur HOFi


Message History

Sorry, you're not good enough to have a special ability.
Unknown command.
You hit the ogre.
The ogre is moderately wounded.
The ogre closely misses you.
You completely miss the ogre.
The ogre is lightly wounded.
The ogre hits you with a +0 giant club!
You hit the ogre.
The ogre is moderately wounded.
You sock the ogre!
The ogre is heavily wounded.
The ogre misses you.
Your leather armour prevents you from hitting the ogre.
The ogre is heavily wounded.
The ogre hits you with a +0 giant club!
You hit the ogre.
The ogre is severely wounded.
The ogre hits you with a +0 giant club!!
You die...

### #.# #####
#.#######...#
#...........#
#..#####.#..#
#..#
#.#..######.###
####..#
#.#...@O.......
......#
#.#.####....###
......# ..#.#
....# ..##..#
###.# ....#
......# ..#
.O...# ......#
#. .....#
......# #.
....... ..(...#
.....## ......#


You could see an ogre.

Vanquished Creatures
  An orc wizard (D:2)
  An orc priest (D:3)
  A worker ant (D:3)
  4 gnolls
  2 adders
  2 oozes
  3 worms
  2 dart slugs (D:2)
  3 leopard geckos
  11 orcs
  2 giant cockroaches
  7 goblins
  7 hobgoblins
  9 jackals
  9 kobolds
  A quokka (D:3)
  9 bats
  6 frilled lizards
  8 rats
88 creatures vanquished.

Notes
Turn   | Place    | Note
-------+----------+-------------------------------------------
     0 | D:1      | Gynju the Hill Orc Monk began the quest for the Orb.
     0 | D:1      | Reached XP level 1. HP: 19/19 MP: 1/1
   204 | D:1      | Reached XP level 2. HP: 26/26 MP: 2/2
   218 | D:1      | Reached skill level 4 in Maces & Flails
   608 | D:1      | Reached XP level 3. HP: 21/31 MP: 3/3
  1357 | D:2      | Reached skill level 5 in Maces & Flails
  1907 | D:2      | Reached XP level 4. HP: 29/39 MP: 4/4
  3113 | D:3      | Found a sparkling altar of Nemelex Xobeh.
  3217 | D:2      | HP: 1/39 [something/magic dart (5)]
  3218 | D:2      | Reached skill level 6 in Maces & Flails
  3218 | D:2      | Reached XP level 5. HP: 2/45 MP: 5/5
  3878 | D:3      | Found a runed translucent door.
  3879 | D:3      | Noticed PeterQ's ghost (amateur HOFi)
  3882 | D:3      | Found a blossoming altar of Fedhas.
  4373 | D:3      | Reached skill level 7 in Maces & Flails
  4373 | D:3      | Reached XP level 6. HP: 30/51 MP: 6/6
  4706 | D:4      | Slain by an ogre

Levels and vault maps discovered:
D:1:      dpeg_arrival_rooms_with_view, layout_basic, minivault_19,
          chequers_serial_rivers_micro_d, minmay_domino_2
D:2:      layout_basic
D:3:      layout_rooms, nemelex_altar_shiori, gammafunk_ghost_grave,
          first_ration, hangedman_feature_mirror, fedhas_altar_1
D:4:      layout_basic, trog_eyes_of_draining, roderic_lattice_a

Skill      XL: |  1  2  3  4  5 |
---------------+----------------+-----
Maces & Flails | 4 5 6 7 |  7.4
Fighting       | |  3.6
Dodging        | |  2.4
Stealth        | |  1.5

Action                   |  1- 3 |  4- 6 || total
-------------------------+-------+-------++-------
Melee: Mace              |   148 |    62 ||   210
       Flail             |       |    89 ||    89
 Stab: Sleeping          |     5 |     5 ||    10
  Eat: Chunk             |     3 |     9 ||    12
Armor: Robe              |    31 |     4 ||    35
       Leather armour    |       |    15 ||    15
       Scale mail        |       |    12 ||    12
Dodge: Dodged            |   130 |   101 ||   231

Table legend:
 A = Non-vault XP
 B = Vault XP
 C = Vault XP percentage of total XP
 D = Non-vault monster count
 E = Vault monster count
 F = Vault count percentage of total count
                 A         B        C        D         E       F
            +---------+---------+-------+---------+---------+-------
      Total |     369 |       5 |   1.3 |      84 |       4 |   4.5
            +---------+---------+-------+---------+---------+-------
        D:1 |      39 |       2 |   4.9 |      20 |       2 |   9.1
        D:2 |     158 |       0 |   0.0 |      32 |       0 |   0.0
        D:3 |     169 |       3 |   1.7 |      31 |       2 |   6.1
        D:4 |       3 |       0 |   0.0 |       1 |       0 |   0.0
            +---------+---------+-------+---------+---------+-------
